 Dungeon Crawl Stone Soup version 0.28-a0-983-g1de4e0787c (webtiles) character file.

Game seed: 16403608533004479270

448 demibob the Poker (level 6, -1/47 HPs)
             Began as a Demonspawn Chaos Knight on Dec 3, 2021.
             Was a Plaything of Xom.
             Succumbed to Duvessa's poison
             ... on level 4 of the Dungeon.
             The game lasted 00:07:39 (3192 turns).

demibob the Poker (Demonspawn Chaos Knight)         Turns: 3192, Time: 00:07:40

Health: -1/47      AC:  8    Str: 14    XL:     6   Next: 73%
Magic:  6/6        EV: 11    Int: 17    God:    Xom [....*.]
Gold:   99         SH:  0    Dex: 19    Spells: 5/5 levels left

rFire   . . .      SeeInvis .   a - +0 spear (vorpal)
rCold   . . .      Faith    .   (no shield)
rNeg    . . .      Spirit   .   b - +2 leather armour
rPois   .          Reflect  .   (helmet restricted)
rElec   .          Harm     .   f - +0 cloak
rCorr   .          Rampage  .   d - +0 pair of gloves
Will    .....                   c - +0 pair of boots
Stlth   +.........              (no amulet)
HPRegen 0.15/turn               D - +6 ring of dexterity
MPRegen 0.10/turn               (no ring)

@: lethally poisoned (-1 -> -29)
A: antennae 1, powered by pain 1, big brain 2
a: Renounce Religion


You were on level 4 of the Dungeon.
You worshipped Xom.
You were a beloved toy of Xom.
You visited 1 branch of the dungeon, and saw 4 of its levels.

You collected 99 gold pieces.


Innate Abilities, Weirdness & Mutations

You have a pair of small antennae on your head.
You sometimes gain a little power by taking damage.
You have an extremely huge brain. (Int +4)


   Skills:
 - Level 3.0 Fighting
 + Level 7.0 Polearms
 - Level 1.7 Armour
 - Level 0.8 Dodging


You had 5 spell levels left.
You didn't know any spells.
Your spell library was empty.

Inventory:

Hand Weapons
 a - a +0 vorpal spear (weapon)
Armour
 b - a +2 leather armour (worn)
 c - a +0 pair of boots (worn)
 d - a +0 pair of gloves (worn)
 f - a +0 cloak (worn)
Jewellery
 D - a +6 ring of dexterity (left hand)
Wands
 e - a wand of mindburst (3)
Scrolls
 h - a scroll of vulnerability
 j - a scroll of enchant armour {unknown}
Potions
 g - a potion of flight

Dungeon Overview and Level Annotations

Branches:
Dungeon (4/15)
 Temple: D:4-7

Altars:
Elyvilon
Gozag
Vehumet

Annotations:
D:3 3 runed translucent doors, croobank's ghost, amateur OpMo
D:4 Dowan; Duvessa

. ##### .. #...# . #...# ###
###############...### #..
.........ee@........######..
#.......######.............
#.........# #...########..
..........# #...# #..
..........# #...# #..
#<..........###.### ###
#.............#.# #######).
#...........#...####.....#.#
#.................##.......#


You could see Duvessa (fast) and Dowan.


Message History

You hit Duvessa but do no damage.
Duvessa is severely wounded.
You feel very sick.
Duvessa hits you with a +1 short sword of venom!
* * * LOW HITPOINT WARNING * * *
Unknown command.
You hit Duvessa but do no damage.
Duvessa is severely wounded.
* * * LOW HITPOINT WARNING * * *
You feel very sick. Duvessa barely misses you.
Unknown command.
You barely miss Duvessa.
Duvessa is severely wounded.
* * * LOW HITPOINT WARNING * * *
You feel very sick.
Duvessa says, "When magic and the sword combine, nothing stands against them."
Duvessa misses you.
Unknown command.
You hit Duvessa but do no damage.
Duvessa is severely wounded.
* * * LOW HITPOINT WARNING * * *
You feel sick.
Duvessa hits you with a +1 short sword of venom.
* * * LOW HITPOINT WARNING * * *
You are more poisoned.
You hit Duvessa.
Duvessa is severely wounded.
You die...
Xom guffaws!

Skill      XL: |  1  2  3  4  5  6 |
---------------+-------------------+-----
Polearms       | 3 4 6 7 |  7.0
Fighting       | |  3.0
Armour         | |  1.7
Dodging        | |  0.8

Action                   |  1- 3 |  4- 6 || total
-------------------------+-------+-------++-------
Melee: Spear             |   131 |   173 ||   304
Evoke: Wand              |       |     2 ||     2
  Use: Scroll            |     3 |     4 ||     7
       Potion            |       |     4 ||     4
 Stab: Sleeping          |     3 |       ||     3
       Paralysed         |       |     3 ||     3
Armor: Leather armour    |    42 |    37 ||    79
       Skin              |       |    33 ||    33
Dodge: Dodged            |    56 |    62 ||   118

Levels and vault maps discovered:
D:1:      tarquinn_simple_flora_water_a, layout_basic,
          dreamdust_ecumenical_altar_angels_and_demons
D:2:      layout_loops_cross, basic_altar, chequers_serial_rivers_micro_d,
          kennysheep_flooded_box
D:3:      layout_rooms, ebering_ghost_gozag
D:4:      layout_rooms, cheibriados_altar_1, minmay_temple_entry_waves,
          hangedman_decor_push, grunt_ministairs_11, st_stairs_3,
          minmay_misc_feat_ornament, uniq_natasha, uniq_robin, uniq_duvessa

Notes
Turn   | Place    | Note
-------+----------+-------------------------------------------
     0 | D:1      | demibob the Demonspawn Chaos Knight began the quest for the
                  | Orb.
     0 | D:1      | Reached XP level 1. HP: 18/18 MP: 1/1
    39 | D:1      | XOM: silly message
    99 | D:1      | Reached skill level 3 in Polearms
   140 | D:1      | Gained mutation: You have an unusually large brain. (Int
                  | +2) [demonic ancestry]
   140 | D:1      | Reached XP level 2. HP: 24/24 MP: 2/2
   177 | D:1      | Found a faded altar of an unknown god.
  1071 | D:2      | XOM: cast spell 'Alistair's Intoxication'
  1078 | D:2      | Gained mutation: You have an extremely huge brain. (Int +4)
                  | [demonic ancestry]
  1078 | D:2      | Reached XP level 3. HP: 29/29 MP: 3/3
  1244 | D:2      | Found a radiant altar of Vehumet.
  1504 | D:2      | XOM: divination: detect items
  1523 | D:2      | Reached skill level 4 in Polearms
  1719 | D:3      | XOM: fog
  1978 | D:3      | Gained mutation: You have a pair of small antennae on your
                  | head. [demonic ancestry]
  1978 | D:3      | Reached XP level 4. HP: 35/35 MP: 4/4
  2057 | D:3      | Noticed a shapeshifter
  2057 | D:3      | a frilled lizard changed into a shapeshifter
  2057 | D:3      | XOM: polymorph frilled lizard -> shapeshifter
  2057 | D:3      | Noticed a rime drake
  2057 | D:3      | a shapeshifter changed into a rime drake
  2059 | D:3      | >>xom
  2059 | D:3      | >>bruh
  2059 | D:3      | >>im level 4
  2059 | D:3      | XOM: swap monsters
  2067 | D:3      | XOM: cast spell 'Discord'
  2068 | D:3      | Noticed a raiju
  2068 | D:3      | a rime drake changed into a raiju
  2075 | D:3      | Noticed a blink frog
  2075 | D:3      | a raiju changed into a blink frog
  2090 | D:3      | Killed a blink frog
  2091 | D:3      | Reached skill level 6 in Polearms
  2091 | D:3      | Reached XP level 5. HP: 41/41 MP: 5/5
  2091 | D:3      | Gained mutation: You sometimes gain a little power by
                  | taking damage. [demonic ancestry]
  2091 | D:3      | Reached XP level 6. HP: 47/47 MP: 6/6
  2275 | D:3      | Found a runed translucent gate.
  2275 | D:3      | Found a runed translucent gate.
  2275 | D:3      | Found a runed translucent gate.
  2276 | D:3      | Found an opulent altar of Gozag.
  2281 | D:3      | Noticed croobank's ghost (amateur OpMo)
  2344 | D:3      | XOM: scenery: summon butterflies
  2354 | D:3      | XOM: divination: detect creatures
  2356 | D:3      | XOM: polymorph butterfly -> giant cockroach
  2836 | D:3      | XOM: enchant monster (good)
  2980 | D:4      | XOM: 3-stop teleportation journey
  3028 | D:4      | Noticed Natasha
  3032 | D:4      | XOM: blink monster(s)
  3043 | D:4      | Killed Natasha
  3120 | D:4      | Noticed Natasha
  3131 | D:4      | Killed Natasha
  3132 | D:4      | Reached skill level 7 in Polearms
  3167 | D:4      | Noticed Duvessa
  3175 | D:4      | Noticed Dowan
  3191 | D:4      | HP: 4/47 [Duvessa (6)]
  3192 | D:4      | Succumbed to Duvessa's poison

Vanquished Creatures
  A blink frog (shapeshifter) (D:3)
  A hound (D:4)
  Natasha (twice) (D:4)
  7 gnolls
  3 adders
  An ufetubus (D:3)
  2 orcs (D:3)
  7 ball pythons
  4 bats
  3 endoplasms
  7 goblins
  8 hobgoblins
  A jackal (D:1)
  5 kobolds
  6 quokkas
  5 frilled lizards
  2 rats
65 creatures vanquished.

Vanquished Creatures (collateral kills)
  An adder (D:3)
1 creature vanquished.

Grand Total: 66 creatures vanquished

Table legend: (Time is in decaauts)
 A = Elapsed time spent in this place.
 B = Non-inter-level travel time spent in this place.
 C = Inter-level travel time spent in this place.
 D = Time resting spent in this place.
 E = Time spent auto-exploring this place.
 F = Levels seen in this place.
 G = Mean time per level.
                   A        B        C        D        E       F      G
               +--------+--------+--------+--------+--------+-----+--------+
         Total |   3148 |   3045 |    103 |    391 |   2050 |   4 |  787.0 |
       Dungeon |   3148 |   3045 |    103 |    391 |   2050 |   4 |  787.0 |
               +--------+--------+--------+--------+--------+-----+--------+

Top non-repeatable levels by time:
     D:2: 1127 daAuts
     D:3: 910 daAuts
     D:1: 904 daAuts
     D:4: 205 daAuts

Table legend:
 A = Non-vault XP
 B = Vault XP
 C = Vault XP percentage of total XP
 D = Non-vault monster count
 E = Vault monster count
 F = Vault count percentage of total count
                 A         B        C        D         E       F
            +---------+---------+-------+---------+---------+-------
      Total |     605 |      35 |   5.5 |      65 |       1 |   1.5
            +---------+---------+-------+---------+---------+-------
        D:1 |      33 |       0 |   0.0 |      19 |       0 |   0.0
        D:2 |      63 |       0 |   0.0 |      17 |       0 |   0.0
        D:3 |     428 |       0 |   0.0 |      25 |       0 |   0.0
        D:4 |      81 |      35 |  30.2 |       4 |       1 |  20.0
            +---------+---------+-------+---------+---------+-------
